SL
NEW AMSTERDAM REPUBLICS @ COLUMBUS TIDAL WAVES
09/24/2017
 
TOP OF THE 1ST
New Amsterdam Republics batting - Pitching for Columbus Tidal Waves : LHP Mike Terry
Pitching: LHP Mike Terry
Batting: RHB José Ramírez 0-0: Called Strike
0-1: Ball
1-1: Ground out 5-3 (Groundball, 56)
Batting: RHB Pedro Cruz 0-0: Ball
1-0: Foul Ball, location: 2F
1-1: Ball
2-1: Swinging Strike
2-2: Ground out 4-3 (Groundball, 4M)
Batting: RHB Porter Martínez 0-0: Ball
1-0: Called Strike
1-1: Foul Ball, location: 2F
1-2: Ground out 5-3 (Groundball, 56)
Top of the 1st over - 0 run(s), 0 hit(s), 0 error(s), 0 left on base; New Amsterdam 0 - Columbus 0
BOTTOM OF THE 1ST
Columbus Tidal Waves batting - Pitching for New Amsterdam Republics : LHP Jeff Hale
Pitching: LHP Jeff Hale
Batting: RHB Cale Sutton 0-0: Hit by Pitch
Batting: RHB George McDonald 0-0: Ball
Throwing error on steal attempt, E2
Cale Sutton to third
1-0: Ball
2-0: Fly out, F9 (Flyball, 9LM)
Runner from 3rd tags up, SCORES, no throw
Batting: LHB Gonzalo López 0-0: Fly out, F6 (Popup, 6M)
Batting: LHB James Murray 0-0: Called Strike
0-1: Ground out 4-3 (Groundball, 4)
Bottom of the 1st over - 1 run(s), 0 hit(s), 1 error(s), 0 left on base; New Amsterdam 0 - Columbus 1
TOP OF THE 2ND
New Amsterdam Republics batting - Pitching for Columbus Tidal Waves : LHP Mike Terry
Batting: LHB Steve Ingram 0-0: Ball
1-0: Ball
2-0: SINGLE (Flyball, 7LS)
Batting: RHB Christian O'Neal 0-0: Ball
1-0: Ball
2-0: Ball
3-0: Called Strike
3-1: Base on Balls
Steve Ingram to second
Batting: RHB Noel Livingston 0-0: Foul Ball, location: 2F
0-1: Foul Ball, location: 2F
0-2: Ball
1-2: Strikes out swinging
Batting: RHB Ronald Shelton 0-0: Ball
1-0: Called Strike
1-1: Foul Ball, location: 2F
1-2: Strikes out swinging
Batting: RHB Matt Terry 0-0: Ball
1-0: Reached on error, E6 (Groundball, 6)
Steve Ingram scores
Christian O'Neal to third
Batting: RHB Jeff Hale 0-0: Ball
1-0: Swinging Strike
1-1: Ball
2-1: SINGLE (Groundball, 56D)
Christian O'Neal scores
Matt Terry to third
Runner from 3rd tries for Home, SAFE, no throw or cutoff
Batting: RHB José Ramírez 0-0: Ball
Balk!
Jeff Hale to second
1-0: Ball
2-0: Called Strike
2-1: Fly out, F5 (Line Drive, 5)
Top of the 2nd over - 3 run(s), 2 hit(s), 1 error(s), 1 left on base; New Amsterdam 3 - Columbus 1
BOTTOM OF THE 2ND
Columbus Tidal Waves batting - Pitching for New Amsterdam Republics : LHP Jeff Hale
Batting: RHB Juan Alvarado 0-0: Ball
1-0: Foul Ball, location: 2F
1-1: Ball
2-1: Ball
3-1: Foul Ball, location: 2F
3-2: Fly out, F6 (Popup, 15)
Batting: RHB Kevin Howard 0-0: Called Strike
0-1: SOLO HOME RUN (Flyball, 7D), Distance : 391 ft
Batting: LHB Trent Kershaw 0-0: Ball
1-0: Ball
2-0: Fly out, F6 (Popup, 6M)
Batting: RHB Brian Lynch 0-0: Ball
1-0: Ball
2-0: Ball
3-0: Base on Balls
Batting: LHB Mike Terry 0-0: Called Strike
0-1: Ground out 6-3 (Groundball, 4MS)
Bottom of the 2nd over - 1 run(s), 1 hit(s), 0 error(s), 1 left on base; New Amsterdam 3 - Columbus 2
TOP OF THE 3RD
New Amsterdam Republics batting - Pitching for Columbus Tidal Waves : LHP Mike Terry
Batting: RHB Pedro Cruz 0-0: Called Strike
0-1: Fly out, F4 (Popup, 4MD)
Batting: RHB Porter Martínez 0-0: Ball
1-0: Called Strike
1-1: Fly out, F7 (Line Drive, 78M)
Batting: LHB Steve Ingram 0-0: Ball
1-0: Called Strike
1-1: Ball
2-1: Foul Ball, location: 2F
2-2: Fly out, F8 (Flyball, 8RM)
Top of the 3rd over - 0 run(s), 0 hit(s), 0 error(s), 0 left on base; New Amsterdam 3 - Columbus 2
BOTTOM OF THE 3RD
Columbus Tidal Waves batting - Pitching for New Amsterdam Republics : LHP Jeff Hale
Batting: RHB Cale Sutton 0-0: Called Strike
0-1: Ball
1-1: Foul Ball, location: 2F
1-2: Foul Ball, location: 2F
1-2: Ball
2-2: Ball
3-2: Base on Balls
Batting: RHB George McDonald 0-0: Ball
1-0: Swinging Strike
1-1: Ball
2-1: Swinging Strike
2-2: Strikes out swinging
Batting: LHB Gonzalo López 0-0: Ball
1-0: 2-RUN HOME RUN (Line Drive, 9D), Distance : 424 ft
Batting: LHB James Murray 0-0: Called Strike
0-1: Foul Ball, location: 2F
0-2: Foul Ball, location: 2F
0-2: Ball
1-2: Ball
2-2: Foul Ball, location: 2F
2-2: Ball
3-2: Foul Ball, location: 2F
3-2: Foul Ball, location: 2F
3-2: Base on Balls
Batting: RHB Juan Alvarado 0-0: Called Strike
0-1: Ball
1-1: Foul Ball, location: 2F
1-2: Foul Ball, location: 2F
1-2: Strikes out swinging
Batting: RHB Kevin Howard 0-0: Ball
1-0: SINGLE (Groundball, 6D)
James Murray to second
Batting: LHB Trent Kershaw 0-0: Called Strike
0-1: Foul Ball, location: 2F
0-2: Foul Ball, location: 2F
0-2: Strikes out swinging
Bottom of the 3rd over - 2 run(s), 2 hit(s), 0 error(s), 2 left on base; New Amsterdam 3 - Columbus 4
TOP OF THE 4TH
New Amsterdam Republics batting - Pitching for Columbus Tidal Waves : LHP Mike Terry
Batting: RHB Christian O'Neal 0-0: Foul Ball, location: 2F
0-1: Foul Ball, location: 2F
0-2: Foul Ball, location: 2F
0-2: Foul Ball, location: 2F
0-2: Ground out 4-3 (Groundball, 4M)
Batting: RHB Noel Livingston 0-0: Called Strike
0-1: Ball
1-1: Ball
2-1: Foul Ball, location: 2F
2-2: DOUBLE (Groundball, 5L)
Batting: RHB Ronald Shelton 0-0: Swinging Strike
0-1: Ball
1-1: Ball
2-1: Foul Ball, location: 2F
2-2: Fly out, F4 (Popup, 4D)
Batting: RHB Matt Terry 0-0: Intentional Walk
Batting: RHB Jeff Hale 0-0: Ball
1-0: Ball
2-0: Ball
3-0: Called Strike
3-1: Ground out 4-3 (Groundball, 4)
Top of the 4th over - 0 run(s), 1 hit(s), 0 error(s), 2 left on base; New Amsterdam 3 - Columbus 4
BOTTOM OF THE 4TH
Columbus Tidal Waves batting - Pitching for New Amsterdam Republics : LHP Jeff Hale
Batting: RHB Brian Lynch 0-0: Called Strike
0-1: Ground out 6-3 (Groundball, 6)
Batting: LHB Mike Terry 0-0: Foul Ball, location: 2F
0-1: Called Strike
0-2: Ball
1-2: Strikes out looking
Batting: RHB Cale Sutton 0-0: Swinging Strike
0-1: Ball
1-1: Swinging Strike
1-2: Ball
2-2: Strikes out swinging
Bottom of the 4th over - 0 run(s), 0 hit(s), 0 error(s), 0 left on base; New Amsterdam 3 - Columbus 4
TOP OF THE 5TH
New Amsterdam Republics batting - Pitching for Columbus Tidal Waves : LHP Mike Terry
Batting: RHB José Ramírez 0-0: Ball
1-0: Ball
2-0: Swinging Strike
2-1: Ground out 1-3 (Groundball, 23)
Batting: RHB Pedro Cruz 0-0: SINGLE (Groundball, 34D)
Batting: RHB Porter Martínez 0-0: Ball
1-0: Fly out, F8 (Flyball, 8RXD)
Batting: LHB Steve Ingram 0-0: Foul Ball, location: 2F
0-1: Ball
1-1: Ground out 1-3 (Groundball, 13S)
Top of the 5th over - 0 run(s), 1 hit(s), 0 error(s), 1 left on base; New Amsterdam 3 - Columbus 4
BOTTOM OF THE 5TH
Columbus Tidal Waves batting - Pitching for New Amsterdam Republics : LHP Jeff Hale
Batting: RHB George McDonald 0-0: Ball
1-0: Fly out, F6 (Popup, 5D)
Batting: LHB Gonzalo López 0-0: Ground out 4-3 (Groundball, 4M)
Batting: LHB James Murray 0-0: Ball
1-0: Swinging Strike
1-1: Foul Ball, location: 2F
1-2: Strikes out swinging
Bottom of the 5th over - 0 run(s), 0 hit(s), 0 error(s), 0 left on base; New Amsterdam 3 - Columbus 4
TOP OF THE 6TH
New Amsterdam Republics batting - Pitching for Columbus Tidal Waves : LHP Mike Terry
Batting: RHB Christian O'Neal 0-0: Ball
1-0: Foul Ball, location: 2F
1-1: Foul Ball, location: 2F
1-2: Hit by Pitch
Batting: RHB Noel Livingston 0-0: Ball
1-0: Foul Ball, location: 2F
1-1: Ball
2-1: Fielders Choice at 2nd, 1-4 (Groundball, 15)
Batting: RHB Ronald Shelton 0-0: Ball
1-0: Swinging Strike
1-1: Fly out, F5 (Line Drive, 5S)
Batting: RHB Matt Terry 0-0: Ball
1-0: Ball
2-0: Ball
3-0: Called Strike
3-1: Swinging Strike
3-2: Base on Balls
Noel Livingston to second
Pitching: LHP Han-lee Pak
Batting: RHB Jeff Hale 0-0: Ball
1-0: Called Strike
1-1: DOUBLE (Flyball, 89D)
Noel Livingston scores
Matt Terry to third
Batting: RHB José Ramírez 0-0: Ball
1-0: Ball
2-0: Called Strike
2-1: Called Strike
2-2: Foul Ball, location: 2F
2-2: Strikes out swinging
Top of the 6th over - 1 run(s), 1 hit(s), 0 error(s), 2 left on base; New Amsterdam 4 - Columbus 4
BOTTOM OF THE 6TH
Columbus Tidal Waves batting - Pitching for New Amsterdam Republics : LHP Jeff Hale
Batting: RHB Juan Alvarado 0-0: Called Strike
0-1: Ball
1-1: Fly out, F9 (Flyball, 9LM)
Batting: RHB Kevin Howard 0-0: Foul Ball, location: 2F
0-1: Swinging Strike
0-2: Ball
1-2: Ball
2-2: Foul Ball, location: 2F
2-2: Strikes out swinging
Batting: LHB Trent Kershaw 0-0: Ball
1-0: Swinging Strike
1-1: Fly out, F7 (Flyball, 7D)
Bottom of the 6th over - 0 run(s), 0 hit(s), 0 error(s), 0 left on base; New Amsterdam 4 - Columbus 4
TOP OF THE 7TH
New Amsterdam Republics batting - Pitching for Columbus Tidal Waves : LHP Han-lee Pak
Batting: RHB Pedro Cruz 0-0: Ball
1-0: Ball
2-0: Foul Ball, location: 2F
2-1: Foul Ball, location: 2F
2-2: Strikes out swinging
Batting: RHB Porter Martínez 0-0: Ball
1-0: Ball
2-0: Called Strike
2-1: Called Strike
2-2: Ball
3-2: Foul Ball, location: 2F
3-2: Strikes out looking
Batting: LHB Steve Ingram 0-0: Ball
1-0: Foul Ball, location: 2F
1-1: Ball
2-1: Swinging Strike
2-2: Ball
3-2: Fly out, F7 (Flyball, 7M)
Top of the 7th over - 0 run(s), 0 hit(s), 0 error(s), 0 left on base; New Amsterdam 4 - Columbus 4
BOTTOM OF THE 7TH
Columbus Tidal Waves batting - Pitching for New Amsterdam Republics : LHP Jeff Hale
Batting: RHB Brian Lynch 0-0: Fly out, F8 (Flyball, 8RS)
Pinch Hitting: RHB Justin Maldonado 0-0: Ball
1-0: Foul Ball, location: 2F
1-1: Ball
2-1: Foul Ball, location: 2F
2-2: Foul Ball, location: 2F
2-2: Ball
3-2: Fly out, F8 (Flyball, 8LM)
Batting: RHB Cale Sutton 0-0: Called Strike
0-1: Fly out, F4 (Popup, 34D)
Bottom of the 7th over - 0 run(s), 0 hit(s), 0 error(s), 0 left on base; New Amsterdam 4 - Columbus 4
TOP OF THE 8TH
New Amsterdam Republics batting - Pitching for Columbus Tidal Waves : LHP Han-lee Pak
Pitching: RHP Omer van Osch
Batting: RHB Christian O'Neal 0-0: Ball
1-0: Ball
2-0: Ball
3-0: Called Strike
3-1: Ground out 1-3 (Groundball, 13S)
Batting: RHB Noel Livingston 0-0: Ball
1-0: Ball
2-0: Swinging Strike
2-1: Called Strike
2-2: Foul Ball, location: 2F
2-2: Strikes out swinging
Batting: RHB Ronald Shelton 0-0: Called Strike
0-1: Fly out, F6 (Popup, 6D)
Top of the 8th over - 0 run(s), 0 hit(s), 0 error(s), 0 left on base; New Amsterdam 4 - Columbus 4
BOTTOM OF THE 8TH
Columbus Tidal Waves batting - Pitching for New Amsterdam Republics : LHP Jeff Hale
Batting: RHB George McDonald 0-0: Ground out 1-3 (Groundball, 23)
Batting: LHB Gonzalo López 0-0: Called Strike
0-1: Foul Ball, location: 2F
0-2: Ball
1-2: Foul Ball, location: 2F
1-2: Fly out, F9 (Flyball, 9D)
Batting: LHB James Murray 0-0: Ball
1-0: DOUBLE (Line Drive, 9LM)
Pitching: RHP Miguel Meza
Now at C: Lawrence Bell
Batting: RHB Juan Alvarado 0-0: Called Strike
0-1: Ball
1-1: Foul Ball, location: 2F
1-2: Ball
2-2: Ball
3-2: Fly out, F6 (Line Drive, 6)
Bottom of the 8th over - 0 run(s), 1 hit(s), 0 error(s), 1 left on base; New Amsterdam 4 - Columbus 4
TOP OF THE 9TH
New Amsterdam Republics batting - Pitching for Columbus Tidal Waves : RHP Omer van Osch
Batting: RHB Matt Terry 0-0: Called Strike
0-1: Ball
1-1: Ball
2-1: Fly out, F9 (Flyball, 9M)
Batting: RHB Lawrence Bell 0-0: Ball
1-0: Ball
2-0: Foul Ball, location: 2F
2-1: Ground out 5-3 (Groundball, 56)
Batting: RHB José Ramírez 0-0: Swinging Strike
0-1: Foul Ball, location: 2F
0-2: Ball
1-2: Foul Ball, location: 2F
1-2: Ball
2-2: Strikes out swinging
Top of the 9th over - 0 run(s), 0 hit(s), 0 error(s), 0 left on base; New Amsterdam 4 - Columbus 4
BOTTOM OF THE 9TH
Columbus Tidal Waves batting - Pitching for New Amsterdam Republics : RHP Miguel Meza
Pitching: RHP Albert Emery
Batting: RHB Kevin Howard 0-0: Ball
1-0: Ball
2-0: Fly out, F8 (Flyball, 8RD)
Batting: LHB Trent Kershaw 0-0: Ball
1-0: Swinging Strike
1-1: Foul Ball, location: 2F
1-2: Ball
2-2: SINGLE (Line Drive, 89S)
Batting: RHB Brian Lynch 0-0: Ball
Trent Kershaw is caught stealing 2nd base
1-0: Called Strike
1-1: Foul Ball, location: 2F
1-2: Strikes out looking
Bottom of the 9th over - 0 run(s), 1 hit(s), 0 error(s), 0 left on base; New Amsterdam 4 - Columbus 4
TOP OF THE 10TH
New Amsterdam Republics batting - Pitching for Columbus Tidal Waves : RHP Omer van Osch
Batting: RHB Pedro Cruz 0-0: Swinging Strike
0-1: Swinging Strike
0-2: Fly out, F8 (Line Drive, 8RM)
Batting: RHB Porter Martínez 0-0: Ball
1-0: Ball
2-0: Ball
3-0: Base on Balls
Batting: LHB Steve Ingram 0-0: Ball
1-0: Swinging Strike
1-1: Swinging Strike
1-2: Strikes out swinging
Pitching: RHP Eric Miller
Batting: RHB Christian O'Neal 0-0: Ball
1-0: Called Strike
1-1: Foul Ball, location: 2F
1-2: Strikes out swinging
Top of the 10th over - 0 run(s), 0 hit(s), 0 error(s), 1 left on base; New Amsterdam 4 - Columbus 4
BOTTOM OF THE 10TH
Columbus Tidal Waves batting - Pitching for New Amsterdam Republics : RHP Albert Emery
Batting: RHB Eric Miller 0-0: Fly out, F7 (Flyball, 7M)
Batting: RHB Cale Sutton 0-0: SINGLE (Groundball, 6MD)
Batting: RHB George McDonald 0-0: Foul Ball, location: 2F
0-1: Swinging Strike
0-2: Strikes out swinging
Cale Sutton steals 2nd base
Batter strikes out.
Batting: LHB Gonzalo López 0-0: Ball
1-0: Called Strike
1-1: Ball
2-1: Ball
3-1: Base on Balls
Batting: LHB James Murray 0-0: Called Strike
0-1: Foul Ball, location: 2F
0-2: Strikes out swinging
Bottom of the 10th over - 0 run(s), 1 hit(s), 0 error(s), 2 left on base; New Amsterdam 4 - Columbus 4
TOP OF THE 11TH
New Amsterdam Republics batting - Pitching for Columbus Tidal Waves : RHP Eric Miller
Pinch Hitting: LHB Daniel Clark 0-0: Called Strike
0-1: Called Strike
0-2: Strikes out swinging
Batting: RHB Ronald Shelton 0-0: Swinging Strike
0-1: Foul Ball, location: 2F
0-2: Ball
1-2: Strikes out looking
Batting: RHB Matt Terry 0-0: Ball
1-0: Foul Ball, location: 2F
1-1: Ball
2-1: Ground out 4-3 (Groundball, 4)
Top of the 11th over - 0 run(s), 0 hit(s), 0 error(s), 0 left on base; New Amsterdam 4 - Columbus 4
BOTTOM OF THE 11TH
Columbus Tidal Waves batting - Pitching for New Amsterdam Republics : RHP Albert Emery
Pitching: RHP Ernest Gunter
Batting: RHB Juan Alvarado 0-0: Ball
1-0: Ball
2-0: Foul Ball, location: 2F
2-1: Ball
3-1: Foul Ball, location: 2F
3-2: Base on Balls
Batting: RHB Kevin Howard 0-0: Foul Ball, location: 2F
0-1: Ground out 4-3 (Groundball, 4M)
Juan Alvarado to second
Batting: LHB Trent Kershaw 0-0: Called Strike
0-1: SINGLE (Line Drive, 4MD)
Juan Alvarado to third
Runner from 3rd tries for Home, SAFE, throw made home
This league is powered by Out of the Park Baseball, the baseball management simulation game for PC, Mac and Linux
Saturday, February 27th, 2021 - OOTP Baseball 15.6 Build 34